 Dungeon Crawl Stone Soup version 0.30-a0-715-gdb4ae3ece1 (webtiles) character file.

Game seed: 11964341917876788417

445 Azfaa the Poker (level 7, 0/61 HPs)
             Began as a Kobold Gladiator on Jan 23, 2023.
             Was an Initiate of Okawaru.
             Slain by an iguana (4 damage)
             ... on level 5 of the Dungeon.
             The game lasted 00:19:52 (3122 turns).

Azfaa the Poker (Kobold Gladiator)                  Turns: 3122, Time: 00:19:53

Health: 0/61       AC: 23    Str: 14    XL:     7   Next: 23%
Magic:  8/8        EV:  3    Int:  9    God:    Okawaru [......]
Gold:   112        SH:  0    Dex: 16    Spells: 7/8 levels left

rFire   x . .      SeeInvis .    q - +3 spear (flame)
rCold   + . .      Faith    .    (no shield)
rNeg    . . .      Spirit   .    (body armour currently unavailable)
rPois   +          Reflect  .    (helmet currently unavailable)
rElec   .          Harm     .    (cloak currently unavailable)
rCorr   .          Rampage  .    (gloves currently unavailable)
Will    .....      NoTele   +    (boots currently unavailable)
Stlth   +++                      (no amulet)
HPRegen 0.30/turn                C - ring of ice
MPRegen 0.11/turn                (no ring)

@: tree-form
A: stationary, stasis, torment immunity, boosted hp, small, no large weapons,
nightstalker 3
a: Renounce Religion


You were on level 5 of the Dungeon.
You worshipped Okawaru.
Okawaru was noncommittal.
You were a tree.
You visited 1 branch of the dungeon, and saw 5 of its levels.

You collected 196 gold pieces.
You spent 84 gold pieces at shops.

Inventory:

Hand Weapons
 a - a +0 trident
 i - a +0 scythe
 q - a +3 spear of flaming (weapon)
 u - a +2 vampiric dagger
 B - a +0 spear
Missiles
 d - a throwing net
 e - 2 boomerangs
 n - 31 stones
 D - 10 poisoned darts
Armour
 b - a +0 leather armour
 c - a +0 helmet (melded)
 h - a +0 leather armour
 k - a +0 scale mail
 m - a +2 pair of boots (melded)
 o - a +0 cloak (melded)
 p - a +2 ring mail of poison resistance
 w - a +0 animal skin
 x - a +0 helmet
 y - +0 ice dragon scales
 z - the +1 chain mail of Repulsion (melded) {Int+2 Dex+2 Stlth+}
   (You found it on level 4 of the Dungeon)

   Int:       It affects your intelligence (+2).
   Dex:       It affects your dexterity (+2).
   Stlth:     It makes you more stealthy.
 E - a scarf of invisibility
Magical Staves
 A - a staff of conjuration
Jewellery
 C - a ring of ice (left branch)
Wands
 s - a wand of flame (5)
Scrolls
 f - a scroll of noise
 g - a scroll of torment
 v - 2 scrolls of identify
Potions
 l - a potion of brilliance
 r - a potion of flight


   Skills:
 * Level 3.2 Fighting
 * Level 4.9 Polearms
 - Level 2.2 Throwing
 - Level 0.2 Armour
 * Level 4.9 Dodging
 + Level 2.7 Stealth
 - Level 1.2 Spellcasting
 - Level 1.1 Summonings


You had 7 spell levels left.
You knew the following spells:

 Your Spells              Type           Power      Damage    Failure   Level
a - Summon Small Mammal   Summ           8%         N/A       22%         1

Your spell library contained the following spells:

 Spells                   Type           Power      Damage    Failure   Level
 Beastly Appendage        Tmut           0%         N/A       36%         1
 Kiss of Death            Conj/Necr      0%         2d5       36%         1
 Necrotise                Necr           0%         1d4       36%         1
 Ensorcelled Hibernation  Hex/Ice        0%         N/A       50%         2
 Static Discharge         Conj/Air       0%         2-2/arc   50%         2
 Wereblood                Tmut           0%         N/A       50%         2
 Confusing Touch          Hex            0%         N/A       73%         3
 Inner Flame              Hex/Fire       0%         N/A       73%         3
 Portal Projectile        Hex/Tloc       0%         N/A       73%         3
 Spider Form              Tmut/Pois      0%         N/A       73%         3
 Vampiric Draining        Necr           0%         2d6       73%         3
 Vhi's Electric Charge    Tloc/Air       0%         N/A       73%         3
 Anguish                  Hex/Necr       0%         N/A       98%         4
 Cause Fear               Hex            0%         N/A       98%         4
 Dispel Undead            Necr           0%         3d6       98%         4
 Leda's Liquefaction      Hex/Erth       0%         N/A       98%         4
 Agony                    Necr           0%         N/A       100%        5
 Arcjolt                  Conj/Air       0%         1d10      100%        5
 Lightning Bolt           Conj/Air       0%         1d11      100%        5
 Discord                  Hex            0%         N/A       100%        8
 Call Canine Familiar     Summ           Unusable   N/A       N/A         3
 Summon Guardian Golem    Hex/Summ       Unusable   N/A       N/A         3

Dungeon Overview and Level Annotations

Branches:
Dungeon (5/15)
 Temple: D:4-7

Altars:
Okawaru

Shops:
D:2 *


Innate Abilities, Weirdness & Mutations

You are a tree.
Your roots penetrate the ground, keeping you stationary.
You cannot be teleported.
You are immune to unholy pain and torment.
Your maximum health is greatly increased.
Your equipment is partially melded.
You are small and have problems with some larger weapons.
You are completely attuned to the shadows.


Message History

You hit the iguana. You burn the iguana.
The iguana is almost dead.
The hound closely misses you. The orc hits you but does no damage.
The iguana closely misses you.
You hit the iguana but do no damage.
The iguana is almost dead.
The hound bites you but does no damage. The orc hits you but does no damage.
The iguana bites you! The hound attacks as you move away!
The hound closely misses you. The orc attacks as you move away!
The orc closely misses you. The hound bites you but does no damage.
An orc wizard comes into view. It is wielding a +0 dagger.
The iguana attacks as you move away!
The iguana bites you but does no damage.
The hound attacks as you move away! The hound barely misses you.
The iguana attacks as you move away! The iguana barely misses you.
The hound bites you but does no damage. x2
The hound attacks as you move away! The hound bites you.
The hound bites you but does no damage. The iguana attacks as you move away!
The iguana bites you.
* * * LOW HITPOINT WARNING * * *
The hound bites you.
* * * LOW HITPOINT WARNING * * *
Really quaff the potion of lignification? [Y]es or [N]o only, please.
Really quaff the potion of lignification?
You turn into a tree.
Your +0 cloak melds into your body.
Your +0 helmet melds into your body.
Your +2 pair of boots melds into your body.
The +1 chain mail of Repulsion {Int+2 Dex+2 Stlth+} melds into your body.
Your roots penetrate the ground.
The hound bites you but does no damage. x2
The iguana bites you.
* * * LOW HITPOINT WARNING * * *
You hit the hound. You burn the hound.
The hound is heavily wounded.
The hound bites you but does no damage.
You hit the hound but do no damage.
The hound is heavily wounded.
The iguana bites you.
You die...

##.# #..o..# ...#
##....# ####
####..#..# #
#..[.##..# # #.#
#...###..# #
#.###..## +..# #
#.##..#.# #.o#
#####.#..##..##lh#
........## ...#.♣#
#####..## .....#
........## ..#..#
####.##..##..##..#
####.###..#.# #.##
...........##
.###.###....## .#
#.# #.....# .#
#.###..##..


You could see an iguana, a hound and an orc.

Vanquished Creatures
  A scorpion (D:5)
  A bullfrog (D:3)
  A hound (D:4)
  An orc priest (D:5)
  Ijyb (D:3)
  Terence (D:3)
  Robin (D:4)
  6 adders
  4 gnolls (D:2)
  An ufetubus (D:4)
  A worm (D:2)
  4 dart slugs
  5 orcs (D:5)
  8 ball pythons
  6 endoplasms
  5 giant cockroaches
  16 goblins
  6 hobgoblins
  3 quokkas (D:2)
  4 bats
  4 kobolds
  5 rats
85 creatures vanquished.

Vanquished Creatures (collateral kills)
  A goblin (D:2)
  A frilled lizard (D:2)
2 creatures vanquished.

Vanquished Creatures (others)
  A hobgoblin (D:1)
  4 plants (D:1)
5 creatures vanquished.

Grand Total: 92 creatures vanquished

Notes
Turn   | Place    | Note
-------+----------+-------------------------------------------
     0 | D:1      | Azfaa the Kobold Gladiator began the quest for the Orb.
     0 | D:1      | Reached XP level 1. HP: 12/12 MP: 1/1
   129 | D:1      | Reached XP level 2. HP: 12/17 MP: 2/2
   214 | D:1      | Learned a level 1 spell: Summon Small Mammal
   243 | D:1      | Found a faded altar of an unknown god.
   469 | D:1      | Reached skill level 1 in Stealth
   469 | D:1      | Reached XP level 3. HP: 21/21 MP: 3/3
   651 | D:2      | Found Sitwunown's General Store.
   668 | D:2      | Bought 3 scrolls of identify for 84 gold pieces
   935 | D:2      | Reached XP level 4. HP: 19/26 MP: 2/5
   977 | D:2      | Reached skill level 1 in Spellcasting
  1561 | D:3      | Noticed Terence
  1588 | D:3      | Killed Terence
  1589 | D:3      | Reached XP level 5. HP: 10/30 MP: 4/6
  2061 | D:3      | Found a runed translucent door.
  2061 | D:3      | Noticed a bullfrog
  2067 | D:3      | Noticed Ijyb
  2076 | D:3      | Killed Ijyb
  2088 | D:3      | Killed a bullfrog
  2089 | D:3      | Reached XP level 6. HP: 17/36 MP: 7/7
  2105 | D:3      | Reached skill level 1 in Summonings
  2334 | D:4      | Noticed Robin
  2372 | D:4      | Killed Robin
  2466 | D:4      | Found an iron altar of Okawaru.
  2493 | D:4      | Became a worshipper of Warmaster Okawaru
  2551 | D:4      | Identified the +1 chain mail of Repulsion {Int+2 Dex+2
                  | Stlth+}
  2797 | D:5      | Entered Level 5 of the Dungeon
  2810 | D:5      | Reached XP level 7. HP: 26/41 MP: 8/8
  3122 | D:5      | Slain by an iguana

Illustrated notes

Levels and vault maps discovered:
D:1:      kennysheep_arrival_seaside, layout_loops_ring,
          hellmonk_ecumenical_altar_arch_garden, serial_bayou,
          serial_bayou_lake_a, serial_bayou_lagoon_b, serial_bayou_shore_b,
          serial_bayou_crossing, minmay_tetromino_o4
D:2:      layout_loops_cross, serial_shops, shop_fountains
D:3:      layout_loops_cross, old_standard_altar, ebering_ghost_sewer_d,
          item_on_display_b, uniq_terence, uniq_ijyb
D:4:      layout_layer_cave, okawaru_gym_becter, sigmund_army, uniq_robin,
          uniq_blork_the_orc
D:5:      layout_loops_ring, nicolae_ossuary_entry_giza

Skill      XL: |  1  2  3  4  5  6 |
---------------+-------------------+-----
Dodging        | 4 |  4.9
Stealth        | 1 2 |  2.7
Polearms       | 3 4 |  4.9
Spellcasting   | 1 |  1.2
Summonings     | 1 |  1.1
Fighting       | 3 |  3.2
Throwing       | |  2.2
Armour         | |  0.2

Action                     |  1- 3 |  4- 6 |  7- 9 || total
---------------------------+-------+-------+-------++-------
  Melee: Trident           |    84 |   142 |       ||   226
         Spear             |       |    33 |    41 ||    74
         Punch             |       |     2 |       ||     2
  Throw: Throwing net      |       |     4 |       ||     4
   Cast: Summon Small Mamm |     9 |    18 |       ||    27
    Use: Scroll            |     7 |     9 |       ||    16
         Potion            |       |     3 |     2 ||     5
   Stab: Sleeping          |     8 |     5 |       ||    13
         Held in net/web   |       |     2 |       ||     2
 Armour: Leather armour    |    17 |    18 |       ||    35
         Ring mail         |       |    77 |       ||    77
         Chain mail        |       |     8 |    31 ||    39
         Skin              |       |       |     3 ||     3
  Dodge: Dodged            |    80 |   244 |    26 ||   350

Table legend: (Time is in decaauts)
 A = Elapsed time spent in this place.
 B = Non-inter-level travel time spent in this place.
 C = Inter-level travel time spent in this place.
 D = Time resting spent in this place.
 E = Time spent auto-exploring this place.
 F = Levels seen in this place.
 G = Mean time per level.
                   A        B        C        D        E       F      G
               +--------+--------+--------+--------+--------+-----+--------+
         Total |   3162 |   3162 |      0 |    336 |    199 |   5 |  632.4 |
       Dungeon |   3162 |   3162 |      0 |    336 |    199 |   5 |  632.4 |
               +--------+--------+--------+--------+--------+-----+--------+

Top non-repeatable levels by time:
     D:2: 994 daAuts
     D:3: 738 daAuts
     D:4: 580 daAuts
     D:1: 531 daAuts
     D:5: 317 daAuts
